 Dungeon Crawl Stone Soup version 0.29-a0-813-g4a14ea37d6 (webtiles) character file.

Game seed: 10297697621963964371

450 wilfster70 the Cleaver (level 7, 0/57 HPs)
             Began as a Hill Orc Monk on July 4, 2022.
             Slain by an ogre
             ... wielding a +0 giant spiked club
              (17 damage)
             ... on level 4 of the Dungeon.
             The game lasted 00:09:19 (4983 turns).

wilfster70 the Cleaver (Hill Orc Monk)              Turns: 4983, Time: 00:09:19

Health: 0/57       AC: 14    Str: 14    XL:     7   Next: 4%
Magic:  7/7        EV:  4    Int: 10    God:
Gold:   151        SH:  0    Dex: 13    Spells: 6/6 levels left

rFire   . . .      SeeInvis .   a - +0 hand axe
rCold   . . .      Faith    .   (no shield)
rNeg    . . .      Spirit   .   d - +0 plate armour
rPois   .          Reflect  .   k - +0 helmet
rElec   .          Harm     .   (no cloak)
rCorr   .          Rampage  .   (no gloves)
Will    .....                   n - +0 pair of boots
Stlth   ..........              (no amulet)
HPRegen 1.79/turn               (no ring)
MPRegen 0.10/turn               (no ring)

@: no status effects
A: regeneration 2, weak 1, subdued magic 1
a: no special abilities


You were on level 4 of the Dungeon.
You visited 1 branch of the dungeon, and saw 4 of its levels.

You collected 151 gold pieces.

Inventory:

Hand Weapons
 a - a +0 hand axe (weapon)
 b - a +0 flail
 j - a +0 trident
Armour
 d - a +0 plate armour (worn)
 k - a +0 helmet (worn)
 n - a +0 pair of boots (worn)
Jewellery
 l - a ring of ice
Wands
 e - a wand of flame (14)
Scrolls
 h - 2 scrolls of amnesia
 q - a scroll of teleportation
 u - a scroll of enchant armour {unknown}
Potions
 c - a potion of ambrosia
 f - a potion of resistance
 g - 2 potions of attraction {unknown}
 i - a potion of brilliance
 m - a potion of might {unknown}
 o - 2 potions of cancellation
 p - a potion of invisibility {unknown}
 r - a potion of magic {unknown}
 s - a potion of haste {unknown}
 t - a potion of flight {unknown}


   Skills:
 - Level 3.6 Fighting
 * Level 8.6 Axes
 + Level 4.2 Armour
 - Level 2.4 Dodging
 - Level 1.5 Stealth


You had 6 spell levels left.
You didn't know any spells.
Your spell library contained the following spells:

 Spells                   Type           Power      Damage    Failure   Level
 Necrotise                Necr           0%         1d4       100%        1
 Slow                     Hex            0%         N/A       100%        1
 Confusing Touch          Hex            0%         N/A       100%        3
 Vampiric Draining        Necr           0%         2d6       100%        3
 Agony                    Necr           0%         N/A       100%        5


Dungeon Overview and Level Annotations

Branches:
Dungeon (4/15)
 Temple: D:4-7

Altars:
Vehumet

Annotations:
D:4 Duvessa


Innate Abilities, Weirdness & Mutations

You heal very quickly.
You are weak. (Str -2)
Your spells are a little easier to cast, but a little less powerful.


Message History

You completely miss the goblin.
The goblin is severely wounded.
The goblin hits you but does no damage.
You hit the goblin.
You kill the goblin!
t - a sedimented clear potion;
u - a scroll labelled OREIWNOYKK
Things that are here:
a +0 club; 6 atropa-tipped darts; a +0 robe
Things that are here:
a +0 club; 6 atropa-tipped darts; a +0 robe You now have 151 gold pieces (gained 13).
Found a stone staircase leading up.
There is a stone staircase leading up here.
(D) Dungeon
Where to? (Enter - D:4, ? - help) Sorry, I don't know how to get there.
A giant cockroach comes into view.
You hit the giant cockroach.
You kill the giant cockroach!
Found a fuming green potion.
g - 2 fuming green potions (gained 1)
An ogre comes into view. It is wielding a +0 giant spiked club.
The ogre shouts!
The ogre hits you with a +0 giant spiked club!!
You hit the ogre.
The ogre is lightly wounded.
The ogre hits you with a +0 giant spiked club!!
Ouch! That really hurt!
* * * LOW HITPOINT WARNING * * *
You slash the ogre!
The ogre is heavily wounded.
You hit the ogre.
The ogre is severely wounded.
The ogre barely misses you.
You hit the ogre.
The ogre is severely wounded.
You barely miss the ogre.
The ogre is severely wounded.
The ogre hits you with a +0 giant spiked club!
You die...

######
#.########...######
.....#
#..........#......#
##.#.###.########...#
...#...#........##.##
.#####...######. #.#
...#...#.# #. #.#
##.#..#..######. #.#
...###........##.#
##.## ##......O@..#
#### ###.#######
###§##≈##≈ #.......§.
#.#≈##≈##≈ ##.#######
...#.....# ###.######
#.############


You could see an ogre.

Vanquished Creatures
  Sigmund (D:4)
  Dowan (D:4)
  Natasha (thrice) (D:2)
  Robin (D:2)
  5 adders (D:2)
  A spectral adder (D:2)
  An adder skeleton (D:2)
  A worm (D:1)
  5 dart slugs
  3 orcs (D:3)
  12 ball pythons
  A bat zombie (D:2)
  7 endoplasms
  6 giant cockroaches
  11 goblins
  5 hobgoblins
  3 jackals (D:1)
  7 kobolds
  3 quokkas
  2 ball python skeletons (D:2)
  5 bats (D:1)
  2 frilled lizards
  A giant cockroach zombie (D:2)
  3 rats
90 creatures vanquished.

Vanquished Creatures (others)
  22 withered plants (D:2)
22 creatures vanquished.

Grand Total: 112 creatures vanquished

Notes
Turn   | Place    | Note
-------+----------+-------------------------------------------
     0 | D:1      | wilfster70 the Hill Orc Monk began the quest for the Orb.
     0 | D:1      | Reached XP level 1. HP: 19/19 MP: 1/1
   123 | D:1      | Reached XP level 2. HP: 23/26 MP: 2/2
   165 | D:1      | Reached skill level 1 in Armour
   184 | D:1      | Found a faded altar of an unknown god.
   535 | D:1      | Reached skill level 5 in Axes
   573 | D:1      | Reached XP level 3. HP: 31/31 MP: 3/3
  1027 | D:2      | Noticed Robin
  1224 | D:1      | Reached XP level 4. HP: 9/39 MP: 4/4
  1503 | D:2      | Killed Robin
  1727 | D:2      | Reached skill level 6 in Axes
  2445 | D:2      | Reached XP level 5. HP: 43/45 MP: 5/5
  2600 | D:2      | Noticed Natasha
  2602 | D:2      | Found the +4 dagger "Morg" {pain, Will+ Int+5}
  2649 | D:2      | Killed Natasha
  2872 | D:2      | Noticed Natasha
  2881 | D:2      | Killed Natasha
  2882 | D:2      | Reached skill level 7 in Axes
  3163 | D:2      | Noticed Natasha
  3170 | D:2      | Killed Natasha
  3457 | D:3      | Reached XP level 6. HP: 51/51 MP: 6/6
  4337 | D:4      | Found a radiant altar of Vehumet.
  4392 | D:4      | Noticed Sigmund
  4394 | D:4      | Gained mutation: You are weak. (Str -2) [potion of
                  | mutation]
  4394 | D:4      | Gained mutation: Your spells are a little easier to cast,
                  | but a little less powerful. [potion of mutation]
  4394 | D:4      | Gained mutation: Your natural rate of healing is unusually
                  | fast. [potion of mutation]
  4394 | D:4      | Gained mutation: You heal very quickly. [potion of
                  | mutation]
  4420 | D:4      | Killed Sigmund
  4421 | D:4      | Reached skill level 8 in Axes
  4541 | D:4      | Noticed Dowan
  4542 | D:4      | Noticed Duvessa
  4579 | D:4      | Killed Dowan
  4580 | D:4      | Reached XP level 7. HP: 56/57 MP: 7/7
  4983 | D:4      | Slain by an ogre

Illustrated notes

Levels and vault maps discovered:
D:1:      lemuel_arrival_hallway, layout_basic,
          hellmonk_ecumenical_altar_lost_god
D:2:      layout_basic, dilly_guarded_unrand_morg, uniq_robin
D:3:      layout_basic
D:4:      layout_loops_ring, old_standard_altar, amcnicky_mini_corridor_feature,
          skrybe_limestone_x, uniq_sigmund, uniq_duvessa, uniq_natasha

Skill      XL: |  1  2  3  4  5  6 |
---------------+-------------------+-----
Armour         | 1 2 3 4 |  4.2
Axes           | 5 6 7 8 |  8.6
Fighting       | |  3.6
Dodging        | |  2.4
Stealth        | |  1.5

Action                   |  1- 3 |  4- 6 |  7- 9 || total
-------------------------+-------+-------+-------++-------
Melee: Hand axe          |   136 |   188 |    10 ||   334
       Punch             |       |     4 |       ||     4
       Flail             |       |    37 |       ||    37
  Use: Scroll            |     3 |     6 |       ||     9
       Potion            |     1 |     1 |       ||     2
Armor: Plate armour      |   178 |   149 |     3 ||   330
Dodge: Dodged            |    33 |    50 |     1 ||    84

Table legend: (Time is in decaauts)
 A = Elapsed time spent in this place.
 B = Non-inter-level travel time spent in this place.
 C = Inter-level travel time spent in this place.
 D = Time resting spent in this place.
 E = Time spent auto-exploring this place.
 F = Levels seen in this place.
 G = Mean time per level.
                   A        B        C        D        E       F      G
               +--------+--------+--------+--------+--------+-----+--------+
         Total |   4991 |   4914 |     77 |   1516 |   1956 |   4 | 1247.8 |
       Dungeon |   4991 |   4914 |     77 |   1516 |   1956 |   4 | 1247.8 |
               +--------+--------+--------+--------+--------+-----+--------+

Top non-repeatable levels by time:
     D:2: 1836 daAuts
     D:1: 1479 daAuts
     D:3: 1030 daAuts
     D:4: 645 daAuts
